 Dungeon Crawl Stone Soup version 0.30.0-19-g36f170ea60 (webtiles) character file.

Game seed: 13652478530624813863

121 Peloso the Covered (level 4, 0/40 HPs)
             Began as a Minotaur Fighter on May 28, 2023.
             Slain by a jelly (1 damage)
             ... on level 4 of the Dungeon.
             The game lasted 00:05:34 (2171 turns).

Peloso the Covered (Minotaur Fighter)               Turns: 2171, Time: 00:05:35

Health: 0/40       AC: -4    Str: 24    XL:     4   Next: 76%
Magic:  3/3        EV:  9    Int:  5    God:
Gold:   171        SH:  5    Dex: 11    Spells: 3/3 levels left

rFire   x . .        a - +0 long sword
rCold   . . .        d - +1 buckler "Leatut" {Fly rC- rN+ Str+3}
rNeg    + . .        b - +0 scale mail
rPois   .            (helmet restricted)
rElec   .            (no cloak)
rCorr   .            (no gloves)
SInv    .            (no boots)
Will    .....        (no amulet) Stlth
                     l - ring of ice
HPRegen 0.26/turn    (no ring)
MPRegen 0.08/turn

%: no passive effects
@: corroded, flying
A: horns 2, retaliatory headbutt
a: no special abilities


You were on level 4 of the Dungeon.
You visited 1 branch of the dungeon, and saw 4 of its levels.

You collected 171 gold pieces.

Inventory:

Hand Weapons
 a - a +0 long sword (weapon)
Missiles
 w - a throwing net (quivered)
Armour
 b - a +0 scale mail (worn)
 c - a +0 buckler
 d - the +1 buckler "Leatut" (worn) {Fly rC- rN+ Str+3}
   (You found it on level 4 of the Dungeon)

   Str:       It affects your strength (+3).
   rC:        It makes you vulnerable to cold.
   rN:        It protects you from negative energy.
   Fly:       It grants you flight.
Jewellery
 l - a ring of ice (left hand)
 y - an amulet of guardian spirit
Wands
 v - a wand of light (7)
Scrolls
 e - a scroll of amnesia
 f - a scroll of torment {unknown}
 g - a scroll of vulnerability {unknown}
 h - 3 scrolls of teleportation {unknown}
 k - a scroll of enchant armour {unknown}
 o - a scroll of butterflies {unknown}
 p - 6 scrolls of identify {unknown}
 q - a scroll of silence {unknown}
 r - a scroll of poison {unknown}
 t - a scroll of blinking {unknown}
 u - a scroll of magic mapping {unknown}
Potions
 i - a potion of cancellation {unknown}
 j - a potion of flight {unknown}
 m - a potion of degeneration {unknown}
 n - a potion of mutation {unknown}
 s - a potion of attraction {unknown}
 x - 2 potions of might


   Skills:
 + Level 4.1 Fighting
 + Level 3.6 Long Blades
 + Level 5.2 Armour
 + Level 0.4 Dodging
 + Level 4.3 Shields


You had 3 spell levels left.
You didn't know any spells.
Your spell library contained the following spells:

 Spells                   Type           Power      Damage    Failure   Level
 Sublimation of Blood     Necr           0%         N/A       92%         2
 Inner Flame              Hex/Fire       0%         N/A       99%         3
 Flame Wave               Conj/Fire      0%         2d4       100%        4
 Petrify                  Tmut/Erth      0%         N/A       100%        4
 Sticky Flame             Conj/Fire      0%         2d3       100%        4
 Irradiate                Conj/Tmut      0%         3d11      100%        5
 Summon Forest            Summ/Tloc      0%         N/A       100%        5
 Summon Mana Viper        Hex/Summ       0%         N/A       100%        5
 Yara's Violent Unravell  Hex/Tmut       0%         3d3       100%        5
 Summon Cactus Giant      Summ           0%         N/A       100%        6
 Enfeeble                 Hex            0%         N/A       100%        7


Dungeon Overview and Level Annotations

Branches:
Dungeon (4/15)
 Temple: D:4-7

Altars:


Innate Abilities, Weirdness & Mutations

You have a pair of horns on your head.
You reflexively headbutt those who attack you in melee.


Message History

You feel stronger.
You fly up into the air.
You feel more attuned to ice.
l - a ring of ice (left hand)
Okay, then.
You start removing your armour.
You continue taking off the +1 buckler "Leatut" {Fly rC- rN+ Str+3}. x4
You finish taking off the +1 buckler "Leatut" {Fly rC- rN+ Str+3}.
You float gracefully downwards.
You drop the +1 buckler "Leatut" {Fly rC- rN+ Str+3}.
You see here a +0 buckler.
You see here the +1 buckler "Leatut" {Fly rC- rN+ Str+3}.
You see here a +0 buckler.
c - a +0 buckler You see here the +1 buckler "Leatut" {Fly rC- rN+ Str+3}.
d - the +1 buckler "Leatut" {Fly rC- rN+ Str+3} You see here 2 potions of might.
x - 2 potions of might
y - an amulet of guardian spirit You start putting on your armour.
You continue putting on the +1 buckler "Leatut" {Fly rC- rN+ Str+3}. x4
You finish putting on the +1 buckler "Leatut" {Fly rC- rN+ Str+3}.
You feel stronger.
You fly up into the air.
A jelly comes into view.
A jelly is nearby!
A jelly is nearby!
You hit the jelly. The acid corrodes you!
Your hands burn!
The jelly is moderately wounded.
The jelly hits you.
You are splashed with acid!
You hit the jelly but do no damage. The acid corrodes you!
Your hands burn!
You headbutt the jelly!
The jelly is severely wounded.
The jelly hits you. The acid corrodes you!
You are splashed with acid!
* * * LOW HITPOINT WARNING * * *
You hit the jelly but do no damage.
Your hands burn!
* * * LOW HITPOINT WARNING * * *
The jelly is severely wounded.
The jelly closely misses you. The jelly hits you.
You die...

......#
......##########
.........#.....#
.......#.#.###.#
.......#.#.# #.###
.........#.# #.#..
.#.#######.###.#.#
.#.#.......#...#J#
...#.####..#.###@#
.###.####........#
.....##.#....#####
#######.######
...........#
...........#
#######....#
######....#
##...##....#


You could see a jelly.

Vanquished Creatures
  5 adders
  An ufetubus (D:4)
  2 worms
  A dart slug (D:2)
  4 endoplasms
  3 giant cockroaches
  4 goblins
  6 hobgoblins
  5 jackals
  5 quokkas
  6 ball pythons
  6 bats
  4 frilled lizards
  4 kobolds
  4 rats
60 creatures vanquished.

Notes
Turn   | Place    | Note
-------+----------+-------------------------------------------
     0 | D:1      | Peloso the Minotaur Fighter began the quest for the Orb.
     0 | D:1      | Reached XP level 1. HP: 19/19 MP: 0/0
   186 | D:1      | Reached XP level 2. HP: 27/27 MP: 1/1
   471 | D:1      | Reached skill level 4 in Armour
   619 | D:2      | Reached XP level 3. HP: 30/33 MP: 2/2
   625 | D:2      | Identified the +1 leather armour of Wonun {-Tele +Inv rC+}
   990 | D:2      | Reached XP level 4. HP: 40/40 MP: 3/3
  1123 | D:3      | Found a faded altar of an unknown god.
  1167 | D:3      | Reached skill level 5 in Armour
  2086 | D:4      | Identified the +1 buckler "Leatut" {Fly rC- rN+ Str+3}
  2171 | D:4      | HP: 1/40 [acid (5)]
  2171 | D:4      | Slain by a jelly

Illustrated notes

Levels and vault maps discovered:
D:1:      psy_arrival_fountain, layout_basic
D:2:      layout_rooms
D:3:      layout_loops_corners, hellmonk_ecumenical_altar_arch_garden
D:4:      layout_basic, grunt_temple_overflow_diamond

Skill      XL: |  1  2  3  4 |
---------------+-------------+-----
Fighting       | 4 |  4.1
Armour         | 4 5 |  5.2
Shields        | 4 |  4.3
Long Blades    | 3 |  3.6
Dodging        | |  0.4

Action                     |  1- 3 |  4- 6 || total
---------------------------+-------+-------++-------
  Melee: Long sword        |    72 |    59 ||   131
         Headbutt          |    15 |     8 ||    23
    Use: Potion            |     3 |       ||     3
         Scroll            |     1 |       ||     1
 Armour: Scale mail        |    45 |    31 ||    76
  Dodge: Dodged            |    39 |    39 ||    78
  Block: Buckler           |    23 |    22 ||    45
